A- WEST
LANCASTER JETHAWKS @ RANCHO CUCAMONGA QUAKES
08/07/2041
 
TOP OF THE 1ST
Lancaster Jethawks batting - Pitching for Rancho Cucamonga Quakes : RHP Chad Jewell
Pitching: RHP Chad Jewell
Batting: LHB Sam O'Hamill 0-0: Foul Ball, location: 5F
0-1: Called Strike
0-2: Hit by Pitch
Batting: RHB Demy Wiersma 0-0: Ball
1-0: Ball
2-0: Swinging Strike
2-1: Ball
3-1: Base on Balls
Sam O'Hamill to second
Batting: RHB Oliver Álvarez 0-0: Ball
1-0: Ball
2-0: Called Strike
2-1: Swinging Strike
2-2: Foul Ball, location: 5FF
2-2: Foul Ball, location: 3FF
2-2: Foul Ball, location: 2F
2-2: Fly out, F9 (Line Drive, 89D, EV 92.5 MPH)
Runner from 2nd tags up, SAFE at 3rd, no throw by RF
Batting: RHB Edgardo Rodríguez 0-0: Ball
1-0: Grounds into double play, 5-4-3 (Groundball, 56S, EV 85.6 MPH)
Top of the 1st over - 0 runs, 0 hits, 0 errors, 1 left on base; Lancaster 0 - Rancho Cucamonga 0
BOTTOM OF THE 1ST
Rancho Cucamonga Quakes batting - Pitching for Lancaster Jethawks : LHP Andy Adkins
Pitching: LHP Andy Adkins
Batting: RHB Jorge Cabrera 0-0: Ball
1-0: Called Strike
1-1: Called Strike
1-2: Strikes out swinging
Batting: RHB Steve Smith 0-0: Ball
1-0: Foul Ball, location: 9LMF
1-1: Ball
2-1: Ground out 6-3 (Groundball, 6, EV 80.6 MPH)
Batting: LHB António Martínez 0-0: Called Strike
0-1: Foul Ball, location: 25F
0-2: Ball
1-2: Ground out 4-3 (Groundball, 4D, EV 85.0 MPH)
Bottom of the 1st over - 0 runs, 0 hits, 0 errors, 0 left on base; Lancaster 0 - Rancho Cucamonga 0
TOP OF THE 2ND
Lancaster Jethawks batting - Pitching for Rancho Cucamonga Quakes : RHP Chad Jewell
Batting: RHB Héctor Tovar 0-0: Ball
1-0: SINGLE (Groundball, 3D, EV 107.5 MPH)
Batting: LHB Rob Glenn 0-0: Bunted foul
0-1: Ball
1-1: Ball
2-1: Foul Ball, location: 23F
2-2: Foul Ball, location: 9LMF
2-2: Ground out 6-3 (Groundball, 6S, EV 73.8 MPH)
Héctor Tovar to second
Batting: RHB Jeff Phillips 0-0: Ball
1-0: Fly out, F8 (Flyball, 8RM, EV 88.8 MPH)
Batting: RHB Raúl Solís 0-0: Ball
1-0: Ball
2-0: Ball
3-0: Base on Balls
Pitching: LHP Bob Lacy
Batting: RHB Bobby King 0-0: Ball
1-0: Called Strike
1-1: Swinging Strike
1-2: Strikes out swinging
Top of the 2nd over - 0 runs, 1 hit, 0 errors, 2 left on base; Lancaster 0 - Rancho Cucamonga 0
BOTTOM OF THE 2ND
Rancho Cucamonga Quakes batting - Pitching for Lancaster Jethawks : LHP Andy Adkins
Batting: LHB Oliver Bristow 0-0: Called Strike
0-1: Foul Ball, location: 25F
0-2: Strikes out swinging
Batting: RHB Iván Cabrera 0-0: Ball
1-0: Foul Ball, location: 3F
1-1: Foul Ball, location: 5FF
1-2: Ball
2-2: Foul Ball, location: 2F
2-2: Foul Ball, location: 5F
2-2: Ground out 6-3 (Groundball, 6, EV 88.8 MPH)
Batting: RHB António Pérez 0-0: Ball
1-0: Ball
2-0: Ball
3-0: Called Strike
3-1: Foul Ball, location: 25FF
3-2: Base on Balls
Batting: RHB Wilson López 0-0: Called Strike
0-1: Foul Ball, location: 2LF
0-2: Fly out, F8 (Flyball, 8LM, EV 86.3 MPH)
Bottom of the 2nd over - 0 runs, 0 hits, 0 errors, 1 left on base; Lancaster 0 - Rancho Cucamonga 0
TOP OF THE 3RD
Lancaster Jethawks batting - Pitching for Rancho Cucamonga Quakes : LHP Bob Lacy
Batting: LHB Sam O'Hamill 0-0: Called Strike
0-1: Foul Ball, location: 2F
0-2: Foul Ball, location: 5FF
0-2: Foul Ball, location: 23FF
0-2: Ball
1-2: Strikes out swinging
Batting: RHB Demy Wiersma 0-0: Ball
1-0: Ground out 6-3 (Groundball, 6, EV 80.6 MPH)
Batting: RHB Oliver Álvarez 0-0: Hit by Pitch
Batting: RHB Edgardo Rodríguez Pickoff Throw to First - Out! 1-3 CS
Top of the 3rd over - 0 runs, 0 hits, 0 errors, 0 left on base; Lancaster 0 - Rancho Cucamonga 0
BOTTOM OF THE 3RD
Rancho Cucamonga Quakes batting - Pitching for Lancaster Jethawks : LHP Andy Adkins
Batting: RHB Rodrigo Martínez 0-0: SINGLE (Flyball, 9LM, EV 90.6 MPH)
Batting: RHB Jesús Álvarez 0-0: Bunted foul
0-1: Bunted foul
0-2: Ball
1-2: Foul Ball, location: 5SF
1-2: Foul Ball, location: 3F
1-2: Ball
2-2: Strikes out looking
Batting: RHB Jorge Cabrera 0-0: Ball
1-0: Foul Ball, location: 3F
1-1: Called Strike
1-2: Ball
2-2: Ball
3-2: SINGLE (Groundball, 3D, EV 95.6 MPH)
Rodrigo Martínez to second
Rodrigo Martínez to third
Batting: RHB Steve Smith 0-0: Ground out 6-3 (Groundball, 6, EV 72.5 MPH)
Rodrigo Martínez scores
Jorge Cabrera to second
Batting: LHB António Martínez 0-0: Ball
1-0: Ball
2-0: Called Strike
2-1: Called Strike
2-2: Ball
3-2: Foul Ball, location: 2F
3-2: Foul Ball, location: 2F
3-2: Ground out 2-3 (Groundball, 2R, EV 68.8 MPH)
Bottom of the 3rd over - 1 run, 2 hits, 0 errors, 1 left on base; Lancaster 0 - Rancho Cucamonga 1
TOP OF THE 4TH
Lancaster Jethawks batting - Pitching for Rancho Cucamonga Quakes : LHP Bob Lacy
Batting: RHB Edgardo Rodríguez 0-0: DOUBLE (Line Drive, 89D, EV 110.0 MPH)
Batting: RHB Héctor Tovar 0-0: Called Strike
0-1: Ball
1-1: SINGLE (Groundball, 34D, EV 104.4 MPH)
Edgardo Rodríguez to third
Runner from 3rd tries for Home, SAFE, throw by RF to home
Batting: LHB Rob Glenn 0-0: Ball
1-0: Ball
2-0: Foul Ball, location: 2F
2-1: DOUBLE (Flyball, 78D, EV 102.5 MPH)
Héctor Tovar to third
Batting: RHB Jeff Phillips 0-0: Foul Ball, location: 7LSF
0-1: Ball
1-1: Called Strike
1-2: Ball
2-2: Ball
3-2: Foul Ball, location: 3FF
3-2: Strikes out looking
Batting: RHB Raúl Solís 0-0: Ball
1-0: Ball
2-0: Ball
3-0: Base on Balls
Batting: RHB Bobby King 0-0: Ball
1-0: Foul Ball, location: 2F
1-1: Foul Ball, location: 2F
1-2: Strikes out swinging
Pinch Hitting: RHB Mike Jenkins 0-0: Called Strike
0-1: Ball
1-1: Swinging Strike
1-2: Ball
2-2: Strikes out swinging
Top of the 4th over - 1 run, 3 hits, 0 errors, 3 left on base; Lancaster 1 - Rancho Cucamonga 1
BOTTOM OF THE 4TH
Rancho Cucamonga Quakes batting - Pitching for Lancaster Jethawks : LHP Andy Adkins
Now in LF: Jeff Phillips
Now in RF: Luis Antonio Abreu
Batting: LHB Oliver Bristow 0-0: Ball
1-0: Called Strike
1-1: Ball
2-1: Ball
3-1: Swinging Strike
3-2: Fly out, F8 (Line Drive, 8LM, EV 95.0 MPH)
Batting: RHB Iván Cabrera 0-0: Called Strike
0-1: Called Strike
0-2: Ball
1-2: Foul Ball, location: 2F
1-2: Ball
2-2: Foul Ball, location: 2F
2-2: Foul Ball, location: 5FF
2-2: Fly out, F3 (Popup, 23F, EV 87.5 MPH)
Batting: RHB António Pérez 0-0: Called Strike
0-1: Swinging Strike
0-2: Ball
1-2: Ground out 3-1 (Groundball, 34, EV 106.3 MPH)
Bottom of the 4th over - 0 runs, 0 hits, 0 errors, 0 left on base; Lancaster 1 - Rancho Cucamonga 1
TOP OF THE 5TH
Lancaster Jethawks batting - Pitching for Rancho Cucamonga Quakes : LHP Bob Lacy
Batting: RHB Demy Wiersma 0-0: Called Strike
0-1: Foul Ball, location: 2F
0-2: Fly out, F7 (Flyball, 78M, EV 87.5 MPH)
Batting: RHB Oliver Álvarez 0-0: Fly out, F7 (Flyball, 7S, EV 90.0 MPH)
Batting: RHB Edgardo Rodríguez 0-0: Ball
1-0: Ball
2-0: Ground out 6-3 (Groundball, 6, EV 101.3 MPH)
Top of the 5th over - 0 runs, 0 hits, 0 errors, 0 left on base; Lancaster 1 - Rancho Cucamonga 1
BOTTOM OF THE 5TH
Rancho Cucamonga Quakes batting - Pitching for Lancaster Jethawks : LHP Andy Adkins
Batting: RHB Wilson López 0-0: Ball
1-0: Ground out 6-3 (Groundball, 56, EV 98.1 MPH)
Batting: RHB Rodrigo Martínez 0-0: SINGLE (Line Drive, 56, EV 100.6 MPH)
Batting: RHB Jesús Álvarez 0-0: Called Strike
0-1: Ball
1-1: Fly out, F8 (Flyball, 8RM, EV 92.5 MPH)
Pitching: LHP Benny Butler
Batting: RHB Jorge Cabrera 0-0: Called Strike
0-1: Called Strike
0-2: Foul Ball, location: 9LSF
0-2: Foul Ball, location: 2F
0-2: Foul Ball, location: 5FF
0-2: Foul Ball, location: 5F
0-2: Fielders Choice at 2nd, 6-4 (Groundball, 6, EV 86.3 MPH)
Bottom of the 5th over - 0 runs, 1 hit, 0 errors, 1 left on base; Lancaster 1 - Rancho Cucamonga 1
TOP OF THE 6TH
Lancaster Jethawks batting - Pitching for Rancho Cucamonga Quakes : LHP Bob Lacy
Batting: RHB Héctor Tovar 0-0: Called Strike
0-1: DOUBLE (Flyball, 8LXD, EV 108.1 MPH)
Batting: LHB Rob Glenn 0-0: Intentional Walk
Batting: RHB Jeff Phillips 0-0: Foul Ball, location: 9LDF
0-1: 3-RUN HOME RUN (Flyball, 78XD, EV 98.1 MPH), Distance : 406 ft
Pitching: LHP Aurelio Contreras
Batting: RHB Raúl Solís 0-0: Ball
1-0: Foul Ball, location: 2F
1-1: Ground out 5-3 (Groundball, 56, EV 110.0 MPH)
Batting: RHB Bobby King 0-0: Called Strike
0-1: Called Strike
0-2: Ball
1-2: Foul Ball, location: 2F
1-2: Foul Ball, location: 7LSFF
1-2: Strikes out swinging, 2-3 out at first.
Batting: LHB Luis Antonio Abreu 0-0: Called Strike
0-1: Fly out, F9 (Flyball, 9, EV 82.5 MPH)
Top of the 6th over - 3 runs, 2 hits, 0 errors, 0 left on base; Lancaster 4 - Rancho Cucamonga 1
BOTTOM OF THE 6TH
Rancho Cucamonga Quakes batting - Pitching for Lancaster Jethawks : LHP Benny Butler
Batting: RHB Steve Smith 0-0: Foul Ball, location: 3F
0-1: SINGLE (Line Drive, 6M, EV 106.3 MPH)
Batting: LHB António Martínez 0-0: Called Strike
0-1: Ball
1-1: Ball
2-1: Fly out, F7 (Flyball, 78D, EV 95.0 MPH)
Batting: LHB Oliver Bristow 0-0: Ball
1-0: Ball
2-0: Swinging Strike
2-1: Ball
3-1: Called Strike
3-2: Strikes out looking
Batting: RHB Iván Cabrera 0-0: Ball
1-0: Fly out, F9 (Flyball, 9LS, EV 73.1 MPH)
Bottom of the 6th over - 0 runs, 1 hit, 0 errors, 1 left on base; Lancaster 4 - Rancho Cucamonga 1
TOP OF THE 7TH
Lancaster Jethawks batting - Pitching for Rancho Cucamonga Quakes : LHP Aurelio Contreras
Batting: RHB Demy Wiersma 0-0: Fly out, F9 (Flyball, 9, EV 85.6 MPH)
Batting: RHB Oliver Álvarez 0-0: Called Strike
0-1: Ball
1-1: Ball
2-1: Ground out 4-3 (Groundball, 4, EV 90.6 MPH)
Batting: RHB Edgardo Rodríguez 0-0: Called Strike
0-1: Foul Ball, location: 2F
0-2: Fly out, F2 (Popup, 2RF, EV 85.6 MPH)
Top of the 7th over - 0 runs, 0 hits, 0 errors, 0 left on base; Lancaster 4 - Rancho Cucamonga 1
BOTTOM OF THE 7TH
Rancho Cucamonga Quakes batting - Pitching for Lancaster Jethawks : LHP Benny Butler
Batting: RHB António Pérez 0-0: Called Strike
0-1: Ball
1-1: Ball
2-1: Foul Ball, location: 2F
2-2: Foul Ball, location: 3FF
2-2: Foul Ball, location: 2F
2-2: Ball
3-2: Base on Balls
Batting: RHB Wilson López 0-0: Called Strike
0-1: SINGLE (Flyball, 56D, EV 96.9 MPH)
António Pérez to second
Batting: RHB Rodrigo Martínez 0-0: Fly out, F9 (Flyball, 89M, EV 93.1 MPH)
Batting: RHB Jesús Álvarez 0-0: Grounds into double play, 6-4-3 (Groundball, 6, EV 90.0 MPH)
Bottom of the 7th over - 0 runs, 1 hit, 0 errors, 1 left on base; Lancaster 4 - Rancho Cucamonga 1
TOP OF THE 8TH
Lancaster Jethawks batting - Pitching for Rancho Cucamonga Quakes : LHP Aurelio Contreras
Batting: RHB Héctor Tovar 0-0: Ball
1-0: Ball
2-0: Called Strike
2-1: Fly out, F7 (Flyball, 78S, EV 91.3 MPH)
Pinch Hitting: LHB Petro Heerland 0-0: Foul Ball, location: 23FF
0-1: Ball
1-1: Ball
2-1: Swinging Strike
2-2: Ground out 5-3 (Groundball, 56S, EV 68.8 MPH)
Batting: RHB Jeff Phillips 0-0: Ball
1-0: Ground out 6-3 (Groundball, 6M, EV 87.5 MPH)
Top of the 8th over - 0 runs, 0 hits, 0 errors, 0 left on base; Lancaster 4 - Rancho Cucamonga 1
BOTTOM OF THE 8TH
Rancho Cucamonga Quakes batting - Pitching for Lancaster Jethawks : LHP Benny Butler
Now in CF: Juan Silva
Batting: RHB Jorge Cabrera 0-0: Swinging Strike
0-1: Called Strike
0-2: Ball
1-2: Ground out 5-3 (Groundball, 56, EV 86.3 MPH)
Batting: RHB Steve Smith 0-0: Ground out 4-3 (Groundball, 4, EV 99.4 MPH)
Batting: LHB António Martínez 0-0: Ball
1-0: Ball
2-0: Foul Ball, location: 25F
2-1: Ball
3-1: Foul Ball, location: 2F
3-2: Strikes out swinging
Bottom of the 8th over - 0 runs, 0 hits, 0 errors, 0 left on base; Lancaster 4 - Rancho Cucamonga 1
TOP OF THE 9TH
Lancaster Jethawks batting - Pitching for Rancho Cucamonga Quakes : LHP Aurelio Contreras
Pinch Hitting: RHB José Lara 0-0: Ball
1-0: Ball
2-0: Fly out, F9 (Flyball, 9D, EV 88.8 MPH)
Pinch Hitting: RHB Derek Law 0-0: Called Strike
0-1: Swinging Strike
0-2: Foul Ball, location: 2F
0-2: Foul Ball, location: 3SF
0-2: Foul Ball, location: 5DF
0-2: Foul Ball, location: 5FF
0-2: Ball
1-2: Fly out, F7 (Line Drive, 7, EV 83.1 MPH)
Batting: LHB Luis Antonio Abreu 0-0: Called Strike
0-1: Swinging Strike
0-2: Ball
1-2: Ball
2-2: Strikes out swinging
Top of the 9th over - 0 runs, 0 hits, 0 errors, 0 left on base; Lancaster 4 - Rancho Cucamonga 1
BOTTOM OF THE 9TH
Rancho Cucamonga Quakes batting - Pitching for Lancaster Jethawks : LHP Benny Butler
Pitching: LHP Manny Salazar
Now at 1B: Sam Dunn
Now at 3B: Edgardo Rodríguez
Now at SS: David Urbina
Pinch Hitting: RHB Rex Shahan 0-0: Ball
1-0: Ball
2-0: Swinging Strike
2-1: Ball
3-1: Foul Ball, location: 2F
3-2: Strikes out swinging
Batting: RHB Iván Cabrera 0-0: Called Strike
0-1: Ball
1-1: Ball
2-1: Ground out 6-3 (Groundball, 6, EV 88.8 MPH)
Batting: RHB António Pérez 0-0: Ball
1-0: Ball
2-0: Called Strike
2-1: Swinging Strike
2-2: Foul Ball, location: 3F
2-2: Ball
3-2: Base on Balls
Batting: RHB Wilson López 0-0: Ball
1-0: Swinging Strike
1-1: Foul Ball, location: 9LDF
1-2: Ball
2-2: Strikes out swinging
Bottom of the 9th over - 0 runs, 0 hits, 0 errors, 1 left on base; Lancaster 4 - Rancho Cucamonga 1
Monday, April 1st , 2024 - OOTP Baseball 24.10 Build 82